 Dungeon Crawl Stone Soup version 0.32-a0-411-g744942f433 (webtiles) character file.

Game seed: 2153439495917573606

15157 Aneyh the Fighter (level 12, 0/72 (75) HPs)
             Began as a Tengu Monk on Feb 21, 2024.
             Was a Priest of Hepliaklqana.
             Slain by a troll (1 damage)
             ... on level 2 of the Orcish Mines.
             The game lasted 00:35:40 (11781 turns).

Aneyh the Fighter (Tengu Monk)                     Turns: 11781, Time: 00:35:41

HP:   0/72 (75)     AC: 19    Str: 12    XL:     12   Next: 24%
MP:   6/13          EV: 17    Int: 14    God:    Hepliaklqana [***...]
Gold: 858           SH:  0    Dex: 30    Spells: 8/11 levels left

rFire   . . .        a - +0 glaive (protect)
rCold   + . .        (shield currently unavailable)
rNeg    . . .        B - +3 ring mail {rC+}
rPois   .            Q - +2 hat
rElec   .            K - scarf {repulsion}
rCorr   .            G - +1 pair of gloves
SInv    .            (boots unavailable)
Will    .....        (no amulet)
Stlth   ++           R - +6 ring of dexterity
HPRegen 0.32/turn    A - +6 ring of dexterity
MPRegen 0.13/turn

%: repel missiles, acrobat
@: under a protective aura, flying, very slightly contaminated, lightly drained
A: reduced essence, beak, talons 3, evasive flight, acrobatic
a: Renounce Religion, Recall Ancestor, Ancestor Identity, Transference


You were on level 2 of the Orcish Mines.
You worshipped Hepliaklqana.
Hepliaklqana was most pleased with you.
You visited 3 branches of the dungeon, and saw 13 of its levels.
You also visited: Bailey.

You collected 1045 gold pieces.
You spent 187 gold pieces at shops.

Inventory:

Hand Weapons
 a - a +0 glaive of protection (weapon)
 b - a +6 longbow of freezing
 v - a +2 arbalest of freezing
 L - a +2 halberd of flaming
 P - a +2 trident
 S - a +3 antimagic spear
 Y - a +1 heavy scimitar
Missiles
 h - 39 poisoned darts
 r - 2 atropa-tipped darts
Armour
 d - an orb of light
 w - a +0 cloak
 B - a +3 ring mail of cold resistance (worn)
 D - a +1 scale mail of fire resistance
 E - a +2 robe of positive energy
 G - a +1 pair of gloves (worn)
 K - a scarf of repulsion (worn)
 M - a +2 chain mail of fire resistance
 Q - a +2 hat (worn)
 T - a +2 buckler
Jewellery
 i - a ring of resist corrosion
 A - a +6 ring of dexterity (right hand)
 J - a ring of poison resistance
 R - a +6 ring of dexterity (left hand)
Wands
 e - a wand of acid (7)
 k - a wand of roots (11)
 y - a wand of mindburst (21)
 C - a wand of flame (50)
 N - a wand of paralysis (4)
Scrolls
 f - a scroll of brand weapon
 g - 3 scrolls of noise
 m - a scroll of fear {unknown}
 n - a scroll of enchant weapon {unknown}
 p - a scroll of teleportation
 q - 2 scrolls of vulnerability
 u - a scroll of revelation
 x - 2 scrolls of blinking
 F - a scroll of enchant armour
 O - a scroll of amnesia {unknown}
Potions
 c - a potion of heal wounds
 j - 2 potions of brilliance {unknown}
 l - a potion of enlightenment {unknown}
 o - a potion of might
 s - a potion of haste {unknown}
 t - 2 potions of cancellation {unknown}
 z - 3 potions of resistance
 H - 2 potions of mutation {unknown}
 I - 5 potions of curing
 U - 5 potions of ambrosia
 V - 2 potions of degeneration {unknown}
 W - 2 potions of lignification
 Z - a potion of magic {unknown}


   Skills:
 + Level 13.3 Fighting
 - Level 5.0 Long Blades
 * Level 12.2 Polearms
 - Level 3.2 Dodging
 * Level 10.6 Summonings


You had 8 spell levels left.
You knew the following spells:

 Your Spells              Type           Power      Damage    Failure   Level
a - Summon Ice Beast      Ice/Summ       14%        N/A       22%         3

Your spell library contained the following spells:

 Spells                   Type           Power      Damage    Failure   Level
 Hailstorm                Conj/Ice       0%         3d5       89%         3
 Inner Flame              Hex/Fire       0%         N/A       89%         3
 Cause Fear               Hex            0%         N/A       100%        4
 Fireball                 Conj/Fire      0%         3d3       100%        5
 Irradiate                Conj/Alch      0%         3d11      100%        5
 Sculpt Simulacrum        Ice/Alch       0%         N/A       100%        6
 Ignition                 Fire           0%         3d3       100%        8
 Dragon's Call            Summ           14%        N/A       100%        9


Dungeon Overview and Level Annotations

Branches:
Dungeon (10/15)            Temple (1/1) D:6            Lair (0/5) D:10
    Orc (2/2) D:10         Bailey (visited)
    Elf: Orc:2

Altars:
Ashenzari
Cheibriados
Dithmenos
Elyvilon
Fedhas
Gozag
Hepliaklqana
Kikubaaqudgha
Makhleb
Nemelex Xobeh
Okawaru
Qazlal
Ru
Sif Muna
Trog
Uskayaw
Vehumet
Wu Jian
Xom
Yredelemnul
Zin
The Shining One
Beogh

Shops:
D:4 [=?:(   Orc:1 [!(

Annotations:
D:4 3 runed translucent doors, shadowstone's ghost, amateur CoHu
Orc:2 Erolcha


Innate Abilities, Weirdness & Mutations

Your life essence is reduced to manifest your ancestor. (-10% HP)
You have a beak for a mouth.
You have claws for feet.
Your magical flight helps you evade attacks. (EV +4)
You can magically evade attacks while moving or waiting.


Message History

Your kick misses the orc sorcerer.
The orc sorcerer is moderately wounded.
The troll closely misses you. The troll claws you. x2
* * * LOW HITPOINT WARNING * * *
The orc sorcerer gestures at you while chanting.
You resist with some effort.
Your ice beast barely misses the orc sorcerer.
You slash the troll! You claw the troll.
The troll is moderately wounded.
The troll misses you. The troll closely misses you.
The troll claws you but does no damage.
The orc sorcerer points at you and mumbles some strange words.
The bolt of fire hits you!
* * * LOW HITPOINT WARNING * * *
Your ice beast hits the orc sorcerer but does no damage.
You feel much better. The troll closely misses you.
The troll claws you but does no damage. x2
The orc sorcerer hits you but does no damage.
Your ice beast hits the orc sorcerer but does no damage.
You barely miss the troll. Your kick misses the troll.
The troll is moderately wounded.
The troll bites you but does no damage. The troll claws you but does no damage.
The troll completely misses you. The orc sorcerer closely misses you.
Your ice beast completely misses the orc sorcerer.
The troll bites you!
* * * LOW HITPOINT WARNING * * *
The troll claws you but does no damage. The troll claws you.
* * * LOW HITPOINT WARNING * * *
Unknown command.
You barely miss the troll. Your kick misses the troll.
The troll is lightly wounded.
The orc sorcerer points at you and mumbles some strange words.
The bolt of negative energy hits you!!
You feel drained.
* * * LOW HITPOINT WARNING * * *
Your ice beast hits the orc sorcerer.
Your ice beast freezes the orc sorcerer!
The troll barely misses you. The troll claws you but does no damage.
The troll claws you.
You die...
Hepliaklqana delivers you to your ancestors.

##...........##
.#.#...........
#.............##
...............#
.....$.........#
...............#
........o.$....#
........Y@.....#
##.$.....T.....#
#.....#......##
........#.#.###
...........##
............
.........#...
....#........#
............


You could see a troll, an orc sorcerer (distracted, ally target) and a friendly
ice beast (summoned).

Vanquished Creatures
  A two-headed ogre (D:10)
  Pikel (D:5)
  A deep elf zephyrmancer (Bailey)
  An orc knight (Bailey)
  A kobold demonologist (D:10)
  2 trolls (D:10)
  3 nameless horrors
  2 hornets
  Grinder (D:6)
  2 wyverns
  2 shadows (D:10)
  A wraith (D:9)
  A steam dragon (D:9)
  6 yaks
  5 vampire mosquitoes
  Menkaure (D:5)
  An acid dragon (D:10)
  2 water moccasins
  13 orc warriors
  An ice beast (D:8)
  3 black bears
  An ogre (D:5)
  A phantom (D:5)
  4 centaurs
  4 kobold brigands (D:10)
  7 bullfrogs
  A gnoll sergeant (D:7)
  40 killer bees
  3 howler monkeys
  An electric eel (D:7)
  A bombardier beetle (D:6)
  2 hounds
  Crazy Yiuf (D:2)
  3 orc priests
  7 orc wizards
  4 iguanas
  4 gnolls
  6 adders
  2 shadow imps (D:6)
  3 white imps
  2 ufetubi (D:6)
  3 dart slugs
  5 ribbon worms
  32 orcs
  3 ball pythons
  5 bats
  5 endoplasms
  A giant cockroach (D:3)
  5 goblins
  5 hobgoblins
  6 jackals
  3 quokkas
  3 frilled lizards
  9 kobolds
  2 rats
235 creatures vanquished.

Vanquished Creatures (collateral kills)
  A two-headed ogre (D:10)
  Maggie (D:6)
  A kobold demonologist (D:10)
  A komodo dragon (D:10)
  A troll (D:9)
  Sigmund (D:6)
  4 yaks
  2 shadows (D:10)
  An orc warrior (D:5)
  An ogre (Orc:1)
  A centaur (D:10)
  A lemure (D:5)
  2 kobold brigands (D:10)
  A bullfrog (D:7)
  A wight (D:7)
  6 killer bees
  An orc priest (D:10)
  A gnoll bouda (D:10)
  A sleepcap (D:7)
  4 orc wizards
  2 gnolls
  3 ribbon worms
  9 orcs
  A kobold (D:10)
48 creatures vanquished.

Vanquished Creatures (others)
  An orc wizard (Orc:1)
  3 knights
4 creatures vanquished.

Grand Total: 287 creatures vanquished

Notes
Turn   | Place    | Note
-------+----------+-------------------------------------------
     0 | D:1      | Aneyh the Tengu Monk began the quest for the Orb.
     0 | D:1      | Reached XP level 1. HP: 14/14 MP: 2/2
   102 | D:1      | Reached XP level 2. HP: 19/19 MP: 3/3
   648 | D:2      | Reached XP level 3. HP: 21/23 MP: 4/4
   767 | D:2      | Reached XP level 4. HP: 26/29 MP: 5/5
   796 | D:2      | Reached skill level 4 in Fighting
  1087 | D:2      | Learned a level 3 spell: Summon Ice Beast
  1119 | D:2      | Found a runed translucent door.
  1120 | D:2      | Noticed Crazy Yiuf
  1135 | D:2      | Killed Crazy Yiuf
  1479 | D:3      | Reached skill level 1 in Summonings
  1479 | D:3      | Reached XP level 5. HP: 25/33 MP: 6/6
  1588 | D:3      | Reached skill level 5 in Long Blades
  1612 | D:3      | Noticed a nameless horror
  1628 | D:2      | Killed a nameless horror
  1734 | D:3      | Noticed a nameless horror
  1861 | D:3      | Killed a nameless horror
  2012 | D:3      | Found a basalt altar of Yredelemnul.
  2064 | D:3      | Found a faded altar of an unknown god.
  2241 | D:4      | Found Exeat's Magic Scroll Shop.
  2242 | D:4      | Found Bazug's Jewellery Shop.
  2242 | D:4      | Found Voacin's Book Shop.
  2248 | D:4      | Found Peaclyki's Antique Weapon Shop.
  2322 | D:4      | Bought a glowing arbalest for 187 gold pieces
  2505 | D:4      | Reached XP level 6. HP: 40/40 MP: 7/7
  2510 | D:4      | Identified the +3 dagger of Conversion {heavy, rElec Str+3}
  2511 | D:4      | Noticed shadowstone's ghost (amateur CoHu)
  2515 | D:4      | Reached skill level 5 in Fighting
  2538 | D:4      | Found a runed translucent gate.
  2539 | D:4      | Found a runed translucent gate.
  2542 | D:4      | Found a runed translucent gate.
  2581 | D:4      | Found Argus's Dragon-Slaying Spoils.
  2591 | D:4      | You fall into a shaft and drop 3 floors!
  2598 | D:7      | Noticed an orc warrior
  2644 | D:8      | Gained mutation: Your magical flight helps you evade
                  | attacks. (EV +4) [Tengu growth]
  2644 | D:8      | Reached XP level 7. HP: 19/45 MP: 6/8
  2763 | D:8      | Reached skill level 6 in Fighting
  3562 | D:9      | Reached skill level 7 in Fighting
  3566 | D:9      | Reached skill level 5 in Summonings
  3591 | D:9      | Reached XP level 8. HP: 27/53 MP: 9/9
  3659 | D:9      | Found a shimmering altar of Xom.
  3664 | D:9      | Found a stormy altar of Qazlal.
  3772 | D:9      | Noticed a wraith
  3772 | D:9      | Noticed a hornet
  3772 | D:9      | Noticed a wyvern
  3788 | D:9      | Reached skill level 8 in Fighting
  3792 | D:9      | HP: 2/55 [vampire mosquito (9)]
  3956 | D:9      | Found a flagged portal.
  3964 | Bailey   | Entered a bailey
  3980 | Bailey   | Reached skill level 9 in Fighting
  4014 | Bailey   | Reached XP level 9. HP: 49/61 MP: 10/10
  4089 | Bailey   | Found a large runed translucent door.
  4089 | Bailey   | Found a large runed translucent door.
  4089 | Bailey   | Noticed a deep elf zephyrmancer
  4106 | Bailey   | Noticed an orc knight
  4144 | Bailey   | Reached skill level 10 in Fighting
  4152 | Bailey   | Killed an orc knight
  4268 | Bailey   | Killed a deep elf zephyrmancer
  4269 | Bailey   | Reached skill level 11 in Fighting
  4558 | D:9      | Noticed a troll
  4574 | D:9      | HP: 2/96 [troll (3)]
  4574 | D:9      | Killed a troll
  4575 | D:9      | Reached XP level 10. HP: 2/70 MP: 6/11
  4926 | D:9      | Reached skill level 1 in Polearms
  5023 | D:9      | Reached skill level 12 in Fighting
  6411 | D:7      | Reached skill level 5 in Polearms
  7018 | D:6      | Noticed Grinder
  7022 | D:6      | Killed Grinder
  7031 | D:6      | Found a staircase to the Ecumenical Temple.
  7039 | Temple   | Entered the Ecumenical Temple
  7067 | Temple   | Became a worshipper of Hepliaklqana the Forgotten
  7067 | Temple   | Reached * piety under Hepliaklqana
  7067 | Temple   | Reached ** piety under Hepliaklqana
  7068 | Temple   | Remembered your ancestor Ceocweni as a knight
  7181 | D:6      | Found a snail-covered altar of Cheibriados.
  7551 | D:6      | Identified the +8 quarterstaff of Equivalence {heavy, rF+++
                  | MP+9 Str+2 Int-3}
  7671 | D:6      | Noticed Maggie
  7675 | D:6      | Killed Maggie
  7676 | D:6      | Reached XP level 11. HP: 54/68 MP: 12/12
  7751 | D:6      | Noticed Sigmund
  7756 | D:6      | Killed Sigmund
  8511 | D:5      | Entered Level 5 of the Dungeon
  8556 | D:5      | Noticed Pikel
  8563 | D:5      | Killed Pikel
  8706 | D:5      | Noticed Menkaure
  8708 | D:5      | Killed Menkaure
  8759 | D:5      | Found a burning altar of Makhleb.
  8932 | D:5      | Found an ancient bone altar of Kikubaaqudgha.
  9357 | D:4      | Found a shimmering blue altar of Sif Muna.
  9445 | D:4      | Found a roughly hewn altar of Beogh.
  9918 | D:9      | Reached skill level 13 in Fighting
  9984 | D:9      | Reached *** piety under Hepliaklqana
 10024 | D:9      | Found a blossoming altar of Fedhas.
 10035 | D:9      | Reached skill level 10 in Summonings
 10273 | D:10     | Entered Level 10 of the Dungeon
 10308 | D:10     | Found a staircase to the Orcish Mines.
 10389 | D:10     | Found an opulent altar of Gozag.
 10636 | D:10     | Reached skill level 10 in Polearms
 11014 | D:10     | Found a staircase to the Lair.
 11289 | D:10     | Noticed a two-headed ogre
 11303 | D:10     | Killed a two-headed ogre
 11304 | D:10     | Reached XP level 12. HP: 58/75 MP: 11/13
 11386 | D:10     | Noticed a two-headed ogre
 11399 | D:10     | Killed a two-headed ogre
 11415 | D:10     | Found an ancient bone altar of Kikubaaqudgha.
 11416 | D:10     | Found a basalt altar of Yredelemnul.
 11581 | D:10     | Found a sparkling altar of Nemelex Xobeh.
 11581 | D:10     | Found a shimmering altar of Xom.
 11634 | D:10     | Identified a scroll of acquirement
 11634 | D:10     | Acquired 360 gold pieces
 11730 | Orc:1    | Entered Level 1 of the Orcish Mines
 11733 | Orc:1    | Found Xit Tenir's Weapon Boutique.
 11755 | Orc:1    | Found Popu Jurox's Antique Armour Shop.
 11757 | Orc:2    | Entered Level 2 of the Orcish Mines
 11757 | Orc:2    | Noticed Erolcha
 11760 | Orc:1    | Found Ydatsav's Distillery.
 11781 | Orc:2    | HP: 1/72 [orc sorcerer/bolt of negative energy (21)]
 11781 | Orc:2    | Slain by a troll

Illustrated notes

Levels and vault maps discovered:
D:1:      minmay_arrival_diagonal_passages, layout_basic,
          chequers_serial_rivers_small_3
D:2:      layout_rooms, minmay_quadrilaterals, uniq_crazy_yiuf_cottage
D:3:      layout_rooms, lemuel_doored_altar, chequers_ecumenical_altar_twisty,
          corexii_hall_statues_deadend
D:4:      layout_rooms, hellmonk_sif_muna_bookshelves,
          biasface_ghost_orc_armoury, nrook_mini_vaults,
          minmay_shop_grid_forest, nicolae_shop_dragon_depot
D:5:      layout_gridville, lemuel_crystal_altar, marbit_many_paths,
          nicolae_wormholes, uniq_menkaure, uniq_pikel
D:6:      layout_gridville, lemuel_tele_altar, minmay_temple_entry_glassed_door,
          uniq_sigmund, uniq_grinder, uniq_maggie
D:7:      layout_gridville, hangedman_decor_slide_cut,
          hangedman_abyss_or_decor_stagger, amcnicky_mini_pool_medium
D:8:      layout_loops_ring
D:9:      wad_woods_minihive, layout_basic, mainiacjoe_overflow_24_doors,
          minitemple, enter_bailey_2, serial_bayou_pond_b, nicolae_tricolors
D:10:     minmay_the_grid_octo_tiled_squarecenter [minmay_the_grid_octo_shrine,
          minmay_the_grid_octo_thin_diamonds, minmay_the_grid_octo_fan_narrow,
          minmay_the_grid_octo_odd_swirl,
          minmay_the_grid_square_5x5_megaprize_diamond,
          minmay_the_grid_square_5x5_eight,
          minmay_the_grid_square_5x5_tri_point,
          minmay_the_grid_square_5x5_hollow_slash,
          minmay_the_grid_square_5x5_misaligned], layout_small_grid,
          grunt_gozag_statues, orc_0_dummy, special_room [special_room_kobold],
          dk_noncrumbling_2
Temple:   oiseaux_autumnal_temple
Orc:1:    layout_caves, lightli_volcano_entry_magma_tube, serial_shops, shop,
          nicolae_shop_tiny_real_fake_doors, shop, nicolae_shop_window_shopping,
          nicolae_shop_just_a_little_nook
Orc:2:    grunt_orc_tribal_feast, layout_caves, uniq_erolcha

Skill      XL: |  1  2  3  4  5  6  7  8  9 10 11 12 |
---------------+-------------------------------------+-----
Long Blades    | 4 5 |  5.0
Fighting       | 4 5 7 9 11 12 13 | 13.3
Summonings     | 1 2 3 5 7 8 9 10 | 10.6
Polearms       | 6 11 12 | 12.2
Dodging        | |  3.2

Action                     |  1- 3 |  4- 6 |  7- 9 | 10-12 || total
---------------------------+-------+-------+-------+-------++-------
  Melee: Falchion          |    43 |    16 |       |       ||    59
         Kick              |    11 |    30 |    15 |   103 ||   159
         Peck              |    10 |    18 |     8 |    56 ||    92
         Mace              |       |    96 |    13 |    79 ||   188
         Glaive            |       |       |    13 |   308 ||   321
         Dagger            |       |       |     6 |       ||     6
         Halberd           |       |       |     2 |       ||     2
   Fire: Arbalest          |       |    20 |   108 |       ||   128
         Longbow           |       |       |       |    98 ||    98
  Throw: Dart              |       |       |     3 |       ||     3
   Cast: Summon Ice Beast  |       |     2 |     2 |    24 ||    28
 Invoke: Ancestor Life: Kn |       |       |       |     1 ||     1
         Recall Ancestor   |       |       |       |     1 ||     1
    Use: Scroll            |       |     1 |     9 |     5 ||    15
         Potion            |       |       |     7 |     2 ||     9
   Stab: Sleeping          |     1 |     1 |       |       ||     2
         Distracted        |       |       |       |     6 ||     6
 Armour: Robe              |     9 |    74 |    43 |       ||   126
         Ring mail         |       |       |    27 |   327 ||   354
         Skin              |       |       |     1 |       ||     1
  Dodge: Dodged            |    22 |   122 |   120 |   659 ||   923

Table legend: (Time is in decaauts)
 A = Elapsed time spent in this place.
 B = Non-inter-level travel time spent in this place.
 C = Inter-level travel time spent in this place.
 D = Time resting spent in this place.
 E = Time spent auto-exploring this place.
 F = Levels seen in this place.
 G = Mean time per level.
                   A        B        C        D        E       F      G
               +--------+--------+--------+--------+--------+-----+--------+
         Total |  12168 |  11526 |    642 |   2890 |   5748 |  14 |  869.1 |
       Dungeon |  11491 |  10899 |    592 |   2765 |   5708 |  10 | 1149.1 |
        Temple |     57 |      7 |     50 |      0 |      0 |   1 |   57.0 |
  Orcish Mines |     52 |     52 |      0 |      0 |      0 |   2 |   26.0 |
        Bailey |    567 |    567 |      0 |    125 |     40 |   1 |  567.0 |
               +--------+--------+--------+--------+--------+-----+--------+

Top non-repeatable levels by time:
     D:9: 2332 daAuts
     D:6: 1574 daAuts
    D:10: 1491 daAuts
     D:7: 1332 daAuts
     D:2: 1051 daAuts
     D:8: 1041 daAuts
     D:4: 771 daAuts
     D:1: 646 daAuts
     D:5: 625 daAuts
     D:3: 624 daAuts
  Bailey: 567 daAuts
  Temple: 57 daAuts
   Orc:1: 35 daAuts
   Orc:2: 16 daAuts
